AoeStats
← Leyeb

Four Lakes

510041172Analyzed
1v1 RM · 2d ago on Sep 29, 2026· 48m 5s· 2 players
Game mode
Random Map
Map size
Tiny (2 player)
Population
200
Speed
Normal
Resources
Standard
Victory
Conquest
Starting age
Dark Age
Ending age
Imperial Age
RankedLock teamsTeams togetherTeam positionsShared explorationLock speedFull tech treeHidden civsTurbo modeCheats
Victory
Defeat
🇺🇸 Magyars · United States
1194
+19
🇨🇳 Japanese · China
1270
-19
Baberum
10:21 Feudal Age
8:39 Loom
15:27 Bloodlines
17:04 Fishing Lines
19:59 Castle Age
18:46 Double-Bit Axe
20:00 Fletching
20:11 Padded Archer Armor
20:39 Gold Mining
21:01 Husbandry
20:59 Bodkin Arrow
21:25 Bow Saw
24:06 Ballistics
23:43 Elite Skirmisher
25:47 Wheelbarrow
33:08 Thumb Ring
35:48 Leather Archer Armor
42:04 Imperial Age
42:31 Heavy Cavalry Archer
43:26 Horse Collar
44:49 Parthian Tactics
44:47 Conscription
45:42 Bracer
46:59 Capped Ram
Leyeb
10:00 Feudal Age
10:11 Man-at-Arms
10:44 Double-Bit Axe
11:45 Loom
15:38 Horse Collar
15:46 Fishing Lines
18:19 Castle Age
17:00 Fletching
17:12 Padded Archer Armor
18:18 Gold Mining
18:47 Town Watch
19:41 Wheelbarrow
19:08 Bodkin Arrow
20:07 Bow Saw
20:24 Leather Archer Armor
20:27 Gillnets
22:04 Gold Shaft Mining
22:29 Ballistics
22:39 Husbandry
25:22 Horse Collar
30:30 Imperial Age
28:34 Thumb Ring
29:43 Hand Cart
30:17 Stone Mining
33:57 Light Cavalry
37:07 Chemistry
35:49 Treadmill Crane
36:51 Bloodlines
39:22 Squires
38:49 Pikeman
43:46 Parthian Tactics
46:06 Bracer
46:36 Ring Archer Armor
46:17 Forging
46:07 Scale Mail Armor
46:17 Forging
46:07 Scale Mail Armor
46:21 Forging
46:11 Scale Mail Armor
46:21 Forging
47:04 Conscription
46:47 Yasama
47:04 Elite Skirmisher
47:46 Bracer
48:16 Ring Archer Armor
47:47 Bracer
48:17 Ring Archer Armor
Connection lost

Rejoining the realm…

Still unreachable

The connection could not be restored.

Session expired

The server has moved on; the page needs a fresh start.